 Dungeon Crawl Stone Soup version 0.30-a0-867-g305f33218d (webtiles) character file.

Game seed: 14903978919081440058

18 Hubris850 the Trooper (level 2, 0/31 HPs)
             Began as an Ogre Reaver on Mar 10, 2023.
             Slain by a gnoll
             ... wielding a +0 spear
              (8 damage)
             ... on level 2 of the Dungeon.
             The game lasted 00:02:05 (1303 turns).

Hubris850 the Trooper (Ogre Reaver)                 Turns: 1303, Time: 00:02:05

Health: 0/31       AC:  3    Str: 15    XL:     2   Next: 70%
Magic:  5/5        EV:  9    Int: 14    God:
Gold:   65         SH:  0    Dex:  7    Spells: 5/6 levels left

rFire   . . .      SeeInvis .    a - +0 mace
rCold   . . .      Faith    .    (no shield)
rNeg    . . .      Spirit   .    b - +0 robe
rPois   .          Reflect  .    (helmet restricted)
rElec   .          Rampage  .    (no cloak)
rCorr   .                        (gloves unavailable)
Will    .....                    (boots unavailable)
Stlth   +                        (no amulet)
HPRegen 0.25/turn                (no ring)
MPRegen 0.09/turn                (no ring)

@: no status effects
A: large, unfitting armour, tough skin 1
a: no special abilities


You were on level 2 of the Dungeon.
You visited 1 branch of the dungeon, and saw 2 of its levels.

You collected 65 gold pieces.

Inventory:

Hand Weapons
 a - a +0 mace (weapon)
Missiles
 m - 2 poisoned darts
Armour
 b - a +0 robe (worn)
Jewellery
 f - a +6 ring of strength
Scrolls
 c - 4 scrolls of identify {unknown}
 d - a scroll of immolation {unknown}
 e - a scroll of teleportation {unknown}
 h - a scroll of magic mapping {unknown}
 i - a scroll of blinking {unknown}
 l - a scroll of fear {unknown}
Potions
 g - a potion of attraction {unknown}
 j - a potion of resistance {unknown}
 k - a potion of magic {unknown}


   Skills:
 + Level 3.0 Fighting
 + Level 2.9 Maces & Flails
 + Level 2.0 Dodging
 + Level 2.7 Spellcasting
 + Level 2.9 Conjurations


You had 5 spell levels left.
You knew the following spells:

 Your Spells              Type           Power      Damage    Failure   Level
a - Kiss of Death         Conj/Necr      20%        2d7       12%         1

Your spell library contained the following spells:

 Spells                   Type           Power      Damage    Failure   Level
 Momentum Strike          Conj/Tloc      10%        3d8       19%         2
 Hailstorm                Conj/Ice       5%         3d4       36%         3


Dungeon Overview and Level Annotations

Branches:
Dungeon (2/15)

Altars:


Innate Abilities, Weirdness & Mutations

You are too large for most types of armour.
You have tough skin. (AC +1)


Message History

The gnoll shouts!
A bat comes into view.
A kobold comes into view. It is wielding a +0 whip.
The bat moves out of view.
A gnoll comes into view. It is wielding a +0 spear.
The kobold shouts!
The gnoll shouts!
The kobold hits you with a +0 whip. The kobold attacks as you move away!
The kobold hits you but does no damage. The kobold attacks as you move away!
The kobold hits you with a +0 whip. The kobold attacks as you move away!
The kobold hits you with a +0 whip.
You hit the kobold.
The kobold is moderately wounded.
The kobold hits you with a +0 whip.
You barely miss the kobold.
The kobold is moderately wounded.
The kobold hits you but does no damage.
You barely miss the kobold. The kobold hits you but does no damage.
The gnoll hits you from afar with a +0 halberd!
The kobold barely misses you.
You hit the kobold but do no damage. The kobold barely misses you.
You hit the kobold.
You kill the kobold!
The gnoll barely misses you. The gnoll misses you.
The gnoll closely misses you.
You see here a +0 whip.
You hit the gnoll.
The gnoll is lightly wounded.
The gnoll closely misses you. The gnoll hits you with a +0 spear.
You closely miss the gnoll.
The gnoll is lightly wounded.
The gnoll barely misses you. x2
The gnoll hits you from afar with a +0 halberd.
* * * LOW HITPOINT WARNING * * *
The gnoll hits you but does no damage.
You barely miss the gnoll.
The gnoll is lightly wounded.
The gnoll misses you.
A gnoll comes into view. It is wielding a +0 club.
The gnoll hits you with a +0 spear!
You die...

#..#.......... ...
#....g# #.. ###...# #.
#.#g# #.#.## #.#..###
#......#
###########g######
........@gg......##
###########.......#######
#..................
......#...#.#.##...#
......#...#)#.##....
......#...#.#.##....
......#...#.#..#...#
......#####.##.....# ....
#.###....#


You could see 3 gnolls.

Vanquished Creatures
  A worm (D:2)
  A dart slug (D:1)
  2 endoplasms (D:1)
  A giant cockroach (D:2)
  A hobgoblin (D:2)
  4 ball pythons
  A goblin (D:2)
  2 kobolds (D:2)
  2 rats (D:1)
15 creatures vanquished.

Notes
Turn   | Place    | Note
-------+----------+-------------------------------------------
     0 | D:1      | Hubris850 the Ogre Reaver began the quest for the Orb.
     0 | D:1      | Reached XP level 1. HP: 22/22 MP: 3/3
   687 | D:1      | Reached XP level 2. HP: 29/29 MP: 5/5
   958 | D:2      | Reached skill level 3 in Fighting
  1303 | D:2      | Slain by a gnoll

Illustrated notes

Levels and vault maps discovered:
D:1:      doesnt_arrival_eight_statues, layout_basic
D:2:      layout_basic, basic_altar, uniq_crazy_yiuf_cottage

Skill      XL: |  1  2 |
---------------+-------+-----
Fighting       | 3 |  3.0
Dodging        | 2 |  2.0
Maces & Flails | |  2.9
Spellcasting   | |  2.7
Conjurations   | |  2.9

Action                     || total
---------------------------++-------
  Melee: Mace              ||    50
         Punch             ||     1
 Armour: Robe              ||    11
  Dodge: Dodged            ||    35

Table legend: (Time is in decaauts)
 A = Elapsed time spent in this place.
 B = Non-inter-level travel time spent in this place.
 C = Inter-level travel time spent in this place.
 D = Time resting spent in this place.
 E = Time spent auto-exploring this place.
 F = Levels seen in this place.
 G = Mean time per level.
                   A        B        C        D        E       F      G
               +--------+--------+--------+--------+--------+-----+--------+
         Total |   1315 |   1262 |     53 |     39 |   1088 |   2 |  657.5 |
       Dungeon |   1315 |   1262 |     53 |     39 |   1088 |   2 |  657.5 |
               +--------+--------+--------+--------+--------+-----+--------+

Top non-repeatable levels by time:
     D:1: 904 daAuts
     D:2: 410 daAuts
